 Dungeon Crawl Stone Soup version 0.26.1-2-gb8aa6d0cf2 (webtiles) character file.

Game seed: 1605407467050810327

84 Unglued128 the Gusty (level 4, -2/35 HPs)
             Began as a Draconian Air Elementalist on Mar 1, 2021.
             Slain by a black bear (6 damage)
             ... on level 3 of the Dungeon.
             The game lasted 00:18:40 (2834 turns).

Unglued128 the Gusty (Draconian Air Elementalist)   Turns: 2834, Time: 00:18:41

Health: -2/35      AC:  6    Str: 10    XL:     4   Next: 23%
Magic:  1/8        EV: 12    Int: 17    God:
Gold:   133        SH:  0    Dex: 11    Spells: 7/8 levels left

rFire    . . .     SeeInvis .   e - +0 dagger
rCold    . . .     Faith    .   (no shield)
rNeg     . . .     Spirit   .   (armour unavailable)
rPois    .         Reflect  .   (helmet restricted)
rElec    .         Harm     .   (no cloak)
rCorr    .         Rampage  .   k - +0 pair of gloves
Will     .....                  (no boots)
Stlth    +++.......             (no amulet)
HPRegen  0.11/turn              b - ring of stealth
MPRegen  0.11/turn              p - ring of flight

@: attractive
A: unfitting armour, cold-blooded, AC +5
a: Evoke Flight


You were on level 3 of the Dungeon.
You visited 1 branch of the dungeon, and saw 3 of its levels.

You collected 133 gold pieces.

Inventory:

Hand Weapons
 e - a +0 dagger (weapon)
Missiles
 f - 6 poisoned darts (quivered)
Armour
 k - a +0 pair of gloves (worn)
Jewellery
 b - a ring of stealth (left hand)
 p - a ring of flight (right hand)
Scrolls
 a - 3 scrolls of enchant armour {unknown}
 c - 4 scrolls of teleportation {unknown}
 d - 5 scrolls of identify {unknown}
 h - a scroll of immolation {unknown}
 i - a scroll of amnesia {unknown}
 j - a scroll of enchant weapon {unknown}
 l - 2 scrolls of remove curse {unknown}
Potions
 g - a potion of haste {unknown}
 m - a potion of flight {unknown}
 n - a potion of curing {unknown}
 o - a potion of attraction


   Skills:
 + Level 1.0 Fighting
 + Level 0.7 Throwing
 + Level 1.9 Dodging
 - Level 1.9 Stealth
 + Level 2.7 Spellcasting
 + Level 2.0 Conjurations
 + Level 3.7 Air Magic


You had 7 spell levels left.
You knew the following spells:

 Your Spells              Type           Power        Failure   Level
a - Shock                 Conj/Air       48%          5%          1

Your spell library contained the following spells:

 Spells                   Type           Power        Failure   Level
 Swiftness                Air            14%          6%          2
 Static Discharge         Conj/Air       12%          17%         3
 Airstrike                Air            7%           36%         4
 Lightning Bolt           Conj/Air       6%           83%         5


Dungeon Overview and Level Annotations

Branches:
Dungeon (3/15)

Altars:


Innate Abilities, Weirdness & Mutations

Your plain brown scales are hard. (AC +5)
You cannot fit into any form of body armour.
You are cold-blooded and may be slowed by cold attacks.


Message History

The black bear claws you.
Throw: 7 darts (poison)
Press: ? - help, Q - select action, (/) - cycle Shift-Dir - straight line, f/p - black bear
Aim: a black bear (severely wounded, 62% to hit)
You throw a poisoned dart. The poisoned dart hits the black bear.
The black bear is poisoned.
The black bear is severely wounded.
The black bear misses you. The black bear claws you.
The black bear claws you but does no damage.
You closely miss the black bear.
The black bear is severely wounded.
The black bear bites you!
* * * LOW HITPOINT WARNING * * *
The black bear claws you.
* * * LOW HITPOINT WARNING * * *
The black bear closely misses you.
It was a potion of attraction.
You feel attractive to monsters. The black bear bites you.
You die...

### #.########
#...h@...#
#.######.# ##
#.#
##.############.
#.#
#........†....#.
#.#
#..##########.#.
#.# #..# #.#.
#.# #..# #.#.
#.# #..# #...
#.#####..#
#######.


You could see a black bear (poisoned).

Vanquished Creatures
  4 adders (D:2)
  2 worms (D:2)
  2 leopard geckos
  2 ball pythons (D:1)
  2 giant cockroaches (D:2)
  6 hobgoblins
  2 jackals (D:2)
  5 kobolds
  3 quokkas (D:2)
  4 bats
  3 frilled lizards
  3 goblins (D:2)
  2 rats (D:1)
40 creatures vanquished.

Notes
Turn   | Place    | Note
-------+----------+-------------------------------------------
     0 | D:1      | Unglued128 the Draconian Air Elementalist began the quest
                  | for the Orb.
     0 | D:1      | Reached XP level 1. HP: 14/14 MP: 3/3
   651 | D:1      | Reached XP level 2. HP: 20/20 MP: 0/5
  1620 | D:2      | Reached XP level 3. HP: 17/26 MP: 1/6
  1852 | D:2      | Reached skill level 1 in Fighting
  2195 | D:2      | Reached XP level 4. HP: 35/35 MP: 4/8
  2800 | D:3      | Noticed a black bear
  2834 | D:3      | Slain by a black bear

Illustrated notes

Levels and vault maps discovered:
D:1:      ebering_trefoil_twist, layout_loops_ring, minmay_misc_feat_rows,
          chequers_mini_garden, amcnicky_mini_rare_corridor_liquid,
          minmay_shallow_snake_nest
D:2:      layout_loops_corners, serial_glass, glass_columns_a, glass_columns_c,
          feat_on_display
D:3:      cheibrodos_old_hovel, layout_basic, gammafunk_temple_overflow_wave

Skill      XL: |  1  2  3  4 |
---------------+-------------+-----
Fighting       | 1 |  1.0
Conjurations   | 2 |  2.0
Throwing       | |  0.7
Dodging        | |  1.9
Stealth        | |  1.9
Spellcasting   | |  2.7
Air Magic      | |  3.7

Action                   |  1- 3 |  4- 6 || total
-------------------------+-------+-------++-------
Melee: Dagger            |    34 |     2 ||    36
       Tailslap          |     2 |       ||     2
Throw: Dart              |    21 |    14 ||    35
 Cast: Shock             |    72 |    28 ||   100
  Use: Potion            |       |     1 ||     1
Armor: Skin              |    15 |    11 ||    26
Dodge: Dodged            |    32 |     9 ||    41
